 Dungeon Crawl Stone Soup version 0.17-a0-1625-g47e540b (webtiles) character file.

51 mrath the Charmwright (level 3, -5/30 HPs)
             Began as a Draconian Skald on Aug 2, 2015.
             Slain by Sigmund
             ... wielding a +0 scythe
              (7 damage)
             ... on level 2 of the Dungeon.
             The game lasted 00:14:12 (2353 turns).

mrath the Charmwright (Draconian Skald)             Turns: 2353, Time: 00:14:12

Health: -5/30      AC:  5    Str: 14    XL:     3   Next: 57%
Magic:  6/6        EV: 12    Int: 13    God:
Gold:   82         SH:  0    Dex: 10    Spells: 3 memorised, 1 level left

rFire  . . .     SeeInvis .     a - +0 spear
rCold  . . .     Clarity  .     (armour unavailable)
rNeg   . . .     SustAt   .     (no shield)
rPois  .         Gourm    .     (helmet restricted)
rElec  .         Spirit   .     (no cloak)
rCorr  .         Warding  .     (no gloves)
rMut   .         Stasis   .     (no boots)
MR     .....                    (no amulet)
Stlth  +.........               (no ring)
                                (no ring)

@: not resistant to hostile enchantments, very unstealthy
A: unfitting armour, cold-blooded, AC +5
a: no special abilities


You were on level 2 of the Dungeon.
You were not hungry.

You visited 1 branch of the dungeon, and saw 2 of its levels.

You collected 82 gold pieces.

Inventory:

Hand weapons
 a - a +0 spear (weapon)
 i - a +0 mace
Missiles
 d - 83 stones
 e - 25 sling bullets
 g - 32 poisoned needles
 l - 3 javelins (quivered)
Scrolls
 c - a scroll of identify {unknown}
 k - a scroll of noise {unknown}
 o - a scroll of amnesia {unknown}
Potions
 f - 3 potions of curing {unknown}
 j - a potion of agility {unknown}
 m - a potion of lignification {unknown}
Books
 b - a book of Battle

   Spells                             Type                      Level
   a - Infusion                       Charms                       1
   b - Shroud of Golubria             Charms/Translocation         2
   c - Song of Slaying                Charms                       2
   d - Spectral Weapon                Hexes/Charms                 3
   e - Regeneration                   Charms/Necromancy            3
Comestibles
 h - 3 meat rations
 n - 11 chunks of flesh


   Skills:
 + Level 2.5 Fighting
 + Level 2.4 Polearms
 + Level 1.7 Dodging
 - Level 0.2 Stealth
 + Level 2.4 Spellcasting
 + Level 3.1 Charms


You had one spell level left.
You knew the following spells:

 Your Spells              Type           Power        Failure   Level  Hunger
a - Infusion              Chrm           #.....       10%         1    #......
b - Shroud of Golubria    Chrm/Tloc      #.........   21%         2    ###....
c - Song of Slaying       Chrm           #.......     12%         2    ###....


Dungeon Overview and Level Annotations

Branches:
Dungeon (2/15)

Altars:

Annotations:
D:2 Sigmund


Innate Abilities, Weirdness & Mutations

Your plain brown scales are hard (AC +5).
Your body does not fit into most forms of armour.
You are cold-blooded and may be slowed by cold attacks.


Message History

Deactivating autopickup; reactivate with Ctrl-A.
You see here 13 gold pieces.
You are confused.
You hear some strange, mumbled words.
You are more confused.
A puff of flame appears from out of thin air!
The puff of flame hits you!
You bump into the rock wall.
You bump into the rock wall.
You bump into the rock wall.
Something hits you!
You bump into the rock wall.
Something hits you.
* * * LOW HITPOINT WARNING * * *
You completely miss something.
You feel less confused. Something hits you!
* * * LOW HITPOINT WARNING * * *
You miss something.
Your tail-slap misses something.
You miss something. Something barely misses you.
You hit something. Something hits you!
You die...

#... ... ###...#### ...
#........##...
#.#.............
##.#...........
#.............
#.<..$......# #.#
#...........###########.#
...........{@....#...##.#
##........####.#...##.#
#...$....# #.#...##.#
#.......(# #.#...##.##
########## #.........#
##.#......# #........#
##.......####
#...........


There were no monsters in sight!

Vanquished Creatures
  2 worms (D:2)
  A ball python (D:1)
  A giant cockroach (D:2)
  5 goblins
  6 hobgoblins
  8 jackals
  5 kobolds
  2 bats (D:1)
  3 giant geckos (D:1)
  3 giant newts
  4 rats
40 creatures vanquished.

Notes
Turn   | Place    | Note
--------------------------------------------------------------
     0 | D:1      | mrath the Draconian Skald began the quest for the Orb.
     0 | D:1      | Reached XP level 1. HP: 17/17 MP: 3/3
   458 | D:1      | Reached XP level 2. HP: 18/24 MP: 3/5
   479 | D:1      | Reached skill level 3 in Charms
  1201 | D:1      | Learned a level 2 spell: Shroud of Golubria
  1204 | D:1      | Learned a level 2 spell: Song of Slaying
  1513 | D:1      | Reached XP level 3. HP: 25/30 MP: 3/6
  2334 | D:2      | Noticed Sigmund
  2350 | D:2      | HP: 1/30 [something (7)]
  2353 | D:2      | Slain by Sigmund

Vault maps used:
D:1:      eino_arrival_water_cross
D:2:      minmay_cut_off, uniq_sigmund

Action                   || total
-------------------------++-------
Melee: Spear             ||   160
Throw: Javelin           ||     6
 Cast: Infusion          ||     3
       Shroud of Golubri ||     1
  Eat: Beef jerky        ||     1
       Bread ration      ||     1
       Chunk             ||     1
